 Dungeon Crawl Stone Soup version 0.31.0 (webtiles) character file.

Game seed: 4812436621990404576

170 qw the Shooter (level 5, -3/32 HPs)
             Began as a Gargoyle Hunter on Jan 19, 2024.
             Incinerated by a bombardier beetle (4 damage)
             ... with a burning spray
             ... on level 4 of the Dungeon.
             The game lasted 00:00:12 (2718 turns).

qw the Shooter (Gargoyle Hunter)                    Turns: 2718, Time: 00:00:12

Health: -3/32      AC: 12    Str: 14    XL:     5   Next: 51%
Magic:  5/5        EV: 10    Int: 10    God:
Gold:   221        SH:  0    Dex: 15    Spells: 4/4 levels left

rFire   . . .        a - +0 shortbow
rCold   . . .        (shield currently unavailable)
rNeg    + . .        d - +0 ring mail
rPois   inf          b - +2 helmet
rElec   +            (no cloak)
rCorr   .            (no gloves)
SInv    .            (no boots)
Will    .....        (no amulet)
Stlth   +            (no ring)
HPRegen 0.25/turn    (no ring)
MPRegen 0.09/turn

%: no passive effects
@: on fire, glowing
A: sickness immunity, AC +4, negative energy resistance 1, electricity
resistance, torment resistance 1, petrification resistance
a: no special abilities


You were on level 4 of the Dungeon.
You visited 1 branch of the dungeon, and saw 4 of its levels.

You collected 221 gold pieces.


Innate Abilities, Weirdness & Mutations

You are immune to sickness and miasma.
Your stone body is resilient. (AC +4)
You are immune to poison.
You resist negative energy. (rN+)
You are resistant to electric shocks. (rElec)
You are resistant to unholy torment.
You are immune to petrification.


   Skills:
 + Level 3.2 Fighting
 - Level 6.1 Ranged Weapons
 - Level 1.0 Armour
 - Level 1.5 Dodging
 - Level 1.1 Stealth


You had 4 spell levels left.
You didn't know any spells.
Your spell library was empty.

Inventory:

Hand Weapons
 a - a +0 shortbow (weapon)
Armour
 b - a +2 helmet (worn)
 d - a +0 ring mail (worn)
Potions
 e - 2 potions of curing
 k - a potion of enlightenment {unknown}

Dungeon Overview and Level Annotations

Branches:
Dungeon (4/15)
 Temple: D:4-7

Altars:
Gozag
Xom


Message History

You shoot an arrow. The arrow hits the bombardier beetle.
The bombardier beetle is moderately wounded.
The bombardier beetle sprays incendiary fluid at you.
The burning spray hits you.
You are covered in liquid fire!
You shoot an arrow. The arrow hits the bombardier beetle!
The bombardier beetle is severely wounded.
The liquid fire burns you!
You shoot an arrow. The arrow hits the adder.
The adder is heavily wounded.
The liquid fire burns you! The adder closely misses you.
The adder barely misses you.
2713 ||| DRINKING potion of heal wounds.
You feel much better. The liquid fire burns you!
The adder bites you but does no damage.
You shoot an arrow. The arrow barely misses the adder.
The arrow hits the centaur.
The centaur is heavily wounded.
The liquid fire burns you! The adder bites you but does no damage.
You shoot an arrow.
The arrow hits the adder but does no damage.
The adder is heavily wounded.
The liquid fire burns you! The adder bites you.
The centaur shoots an arrow.
The arrow closely misses you. The adder bites you.
The centaur shoots an arrow.
The arrow hits you.
You shoot an arrow. The arrow hits the adder.
You kill the adder!
The liquid fire burns you!
You shoot an arrow. The arrow hits the bombardier beetle.
The bombardier beetle is severely wounded.
The liquid fire burns you!
The centaur unwields a +0 orcbow.
The centaur barely misses you. x2
The centaur hits you but does no damage.
The centaur kicks you but does no damage.
You shoot an arrow. The arrow hits the bombardier beetle!
You kill the bombardier beetle!
The liquid fire burns you!
You die...

...........
##............. ###
............... ..#.
.......##.....# ....
......#.#.....# ..#
##....#.......# ...
#.............###.#
#.....##).......#
#.........#@c.# .
###.....##.#......#
.####.#...............#
#.#....#.....##.##..#...
.....###.######## .## ..
.....######8...# .# .
####..######...# .
##..##...._.# .
###..#..##...#


You could see a centaur.

Vanquished Creatures
  2 bombardier beetles
  An orc wizard (D:3)
  3 adders
  2 dart slugs (D:1)
  A ribbon worm (D:3)
  3 orcs (D:3)
  4 bats
  5 endoplasms
  A giant cockroach (D:1)
  14 goblins
  10 hobgoblins
  6 jackals
  3 quokkas
  3 ball pythons
  3 frilled lizards
  8 kobolds
  4 rats
73 creatures vanquished.

Notes
Turn   | Place    | Note
-------+----------+-------------------------------------------
     0 | D:1      | qw the Gargoyle Hunter began the quest for the Orb.
     0 | D:1      | Reached XP level 1. HP: 12/12 MP: 1/1
     0 | D:1      | 0 ||| qw: Version: 0.3-a-132-g3d54051
     0 | D:1      | 0 ||| qw: Game counter: 40
     0 | D:1      | 0 ||| qw: Melee chars always use a shield: true
     0 | D:1      | 0 ||| qw: God list: Okawaru
     0 | D:1      | 0 ||| qw: Allow faded altars: false
     0 | D:1      | 0 ||| qw: Do Orc after clearing Dungeon:15 true
     0 | D:1      | 0 ||| qw: Do second Lair branch before Depths: true
     0 | D:1      | 0 ||| qw: Lair rune preference: random
     0 | D:1      | 0 ||| qw: Goals: Normal
     0 | D:1      | 0 ||| PLANNING D:1-11
    23 | D:1      | 23 ||| DROPPING scroll of butterflies.
    61 | D:1      | HP: 3/12 [goblin/+0 club (2)]
    64 | D:1      | Reached XP level 2. HP: 5/17 MP: 2/2
   532 | D:1      | Reached XP level 3. HP: 21/21 MP: 3/3
   603 | D:1      | Reached skill level 5 in Ranged Weapons
   912 | D:1      | 912 ||| UPGRADING to +2 helmet.
   917 | D:1      | 917 ||| UPGRADING to +0 ring mail.
   927 | D:1      | 927 ||| DROPPING +0 leather armour.
   928 | D:1      | 928 ||| DROPPING scarf of harm.
   929 | D:1      | 929 ||| READING scroll labelled IGIELIB BUCO.
   930 | D:1      | 930 ||| DRINKING 2 ruby potions.
  1012 | D:2      | Reached skill level 1 in Armour
  1109 | D:2      | Found a shimmering altar of Xom.
  1355 | D:2      | Reached skill level 3 in Fighting
  1355 | D:2      | Reached XP level 4. HP: 28/28 MP: 4/4
  1382 | D:2      | 1382 ||| FLEEEEING.
  1771 | D:2      | 1771 ||| READING scroll labelled GIS EPIARPHI.
  1772 | D:2      | 1772 ||| READING scroll labelled RUIHUU VOCU.
  1776 | D:2      | 1776 ||| READING scroll labelled TISHRY CANOPI.
  1776 | D:2      | 1776 ||| IDENTIFYING smoky red potion
  1777 | D:2      | 1777 ||| READING scroll labelled LELLIT FIFF.
  1778 | D:2      | 1778 ||| DRINKING 2 sapphire potions.
  1779 | D:2      | 1779 ||| DRINKING 2 black potions.
  1780 | D:2      | 1780 ||| DROPPING potion of attraction.
  1781 | D:2      | 1781 ||| DROPPING potion of magic.
  1801 | D:3      | 1801 ||| STAIRDANCE
  1810 | D:2      | 1810 ||| FLEEEEING.
  1926 | D:3      | Reached XP level 5. HP: 32/32 MP: 5/5
  2427 | D:3      | Reached skill level 6 in Ranged Weapons
  2437 | D:3      | 2437 ||| FLEEEEING.
  2645 | D:3      | 2645 ||| DROPPING ring of wizardry.
  2674 | D:4      | Found an opulent altar of Gozag.
  2708 | D:4      | Noticed a centaur
  2712 | D:4      | HP: 6/32 [burnt (3)]
  2713 | D:4      | 2713 ||| DRINKING potion of heal wounds.
  2717 | D:4      | HP: 1/32 [burnt (6)]
  2718 | D:4      | Incinerated by a bombardier beetle

Levels and vault maps discovered:
D:1:      saegor_arrival_simple_d, layout_basic, nrook_uturn,
          minmay_fountain_box, skrybe_limestone_x
D:2:      kennysheep_the_goblin_king, layout_basic, basic_altar,
          minmay_misc_feat_chi
D:3:      layout_basic, item_on_display_a
D:4:      layout_cave_pools, mainiacjoe_overflow_alcove_2, kennysheep_mini_moat

Skill      XL: |  1  2  3  4  5 |
---------------+----------------+-----
Ranged Weapons | 5 6 |  6.1
Armour         | 1 |  1.0
Fighting       | 3 |  3.2
Dodging        | |  1.5
Stealth        | |  1.1

Action                     |  1- 3 |  4- 6 || total
---------------------------+-------+-------++-------
   Fire: Shortbow          |   120 |   122 ||   242
    Use: Scroll            |     1 |     4 ||     5
         Potion            |     1 |     3 ||     4
 Armour: Leather armour    |    35 |       ||    35
         Ring mail         |    13 |    70 ||    83
  Dodge: Dodged            |    43 |    51 ||    94

Table legend:
 A = Non-vault XP
 B = Vault XP
 C = Vault XP percentage of total XP
 D = Non-vault monster count
 E = Vault monster count
 F = Vault count percentage of total count
                 A         B        C        D         E       F
            +---------+---------+-------+---------+---------+-------
      Total |     278 |      14 |   4.8 |      66 |       7 |   9.6
            +---------+---------+-------+---------+---------+-------
        D:1 |      42 |       0 |   0.0 |      22 |       0 |   0.0
        D:2 |      60 |      14 |  18.9 |      23 |       7 |  23.3
        D:3 |     111 |       0 |   0.0 |      17 |       0 |   0.0
        D:4 |      65 |       0 |   0.0 |       4 |       0 |   0.0
            +---------+---------+-------+---------+---------+-------
